 Dungeon Crawl Stone Soup version 0.30-a0-760-g5a9884bb7c (webtiles) character file.

Game seed: 17717794813804733411

67 tilp the Covered (level 4, -3/38 HPs)
             Began as a Meteoran Fighter on Feb 11, 2023.
             Slain by a gnoll
             ... wielding a +0 halberd
              (11 damage)
             ... on level 3 of the Dungeon.
             The game lasted 00:02:01 (319 turns).

tilp the Covered (Meteoran Fighter)                  Turns: 319, Time: 00:02:02

Health: -3/38      AC: 11    Str: 18    XL:     4   Next: 67%
Magic:  5/5        EV:  5    Int:  9    God:
Gold:   27         SH:  5    Dex: 15    Spells: 3/3 levels left

rFire   . . .      SeeInvis .    a - +0 long sword
rCold   . . .      Faith    .    c - +0 buckler
rNeg    . . .      Spirit   .    e - +0 plate armour
rPois   .          Reflect  .    (no helmet)
rElec   .          Harm     .    (no cloak)
rCorr   .          Rampage  .    (no gloves)
Will    .....                    (no boots) Stlth
                                 (no amulet)
HPRegen 0.26/turn                (no ring)
MPRegen 0.09/turn                (no ring)

@: mighty, glowing
A: sense surroundings 1, otherworldly, glowing, explore regen
a: no special abilities


You were on level 3 of the Dungeon.
You visited 1 branch of the dungeon, and saw 4 of its levels.

You collected 27 gold pieces.

Inventory:

Hand Weapons
 a - a +0 long sword (weapon)
Missiles
 b - 13 stones (quivered)
Armour
 c - a +0 buckler (worn)
 e - a +0 plate armour (worn)
Scrolls
 f - a scroll of identify {unknown}


   Skills:
 + Level 3.5 Fighting
 * Level 3.2 Long Blades
 - Level 4.0 Armour
 * Level 1.8 Dodging
 * Level 1.2 Stealth
 + Level 3.9 Shields


You had 3 spell levels left.
You didn't know any spells.
Your spell library was empty.

Dungeon Overview and Level Annotations

Branches:
Dungeon (4/15) Zot: 2068
 Temple: D:4-7

Altars:

Annotations:
D:3 2 runed translucent doors, tilp's ghost, amateur MeFi


Innate Abilities, Weirdness & Mutations

You passively map a small area around you.
You are easily found by Zot.
You glow in the dark.
You regain HP and MP as you explore.


Message History

A gnoll comes into view. It is wielding a +0 spear.
The gnoll shouts!
A gnoll comes into view. It is wielding a +0 halberd.
The gnoll shouts!
A gnoll comes into view. It is wielding a +0 whip.
The gnoll hits you but does no damage.
You hit the gnoll.
The gnoll is heavily wounded.
The gnoll hits you but does no damage. The gnoll hits you with a +0 halberd!
You closely miss the gnoll.
The gnoll is heavily wounded.
The gnoll hits you but does no damage. You block the gnoll's attack.
You closely miss the gnoll.
The gnoll is heavily wounded.
The gnoll hits you from afar with a +0 spear.
The gnoll hits you with a +0 halberd!
* * * LOW HITPOINT WARNING * * *
You block the gnoll's attack. The gnoll hits you with a +0 halberd.
* * * LOW HITPOINT WARNING * * *
You barely miss the gnoll.
The gnoll is heavily wounded.
The gnoll completely misses you.
You feel very mighty all of a sudden. The gnoll hits you but does no damage.
You hit the gnoll.
The gnoll is heavily wounded.
You slash the gnoll!
You kill the gnoll!
The gnoll hits you but does no damage.
Training target 4.0 for Armour reached!
Your Armour skill increases to level 4!
The gnoll hits you from afar with a +0 spear.
* * * LOW HITPOINT WARNING * * *
The gnoll hits you with a +0 halberd.
* * * LOW HITPOINT WARNING * * *
You see here a +0 whip.
You barely miss the gnoll.
The gnoll is heavily wounded.
The gnoll barely misses you. The gnoll hits you with a +0 halberd!
You die...

* *### , , ..# *# *
#.# ... #.# #####
*.....####.####...#
*....ggg@.........#
.....####.####...##
... #.# #.....# #
..# ##.#.##
######.###†###### *
#.## ##......
##.###.###### *
##.#.## * **
##..>##


You could see 3 gnolls.

Vanquished Creatures
  An iguana (D:3)
  An orc wizard (D:3)
  A gnoll (D:3)
  2 goblins
  A hobgoblin (D:1)
  A frilled lizard (D:1)
  2 kobolds
  2 rats (D:3)
11 creatures vanquished.

Notes
Turn   | Place    | Note
-------+----------+-------------------------------------------
     0 | D:1      | tilp the Meteoran Fighter began the quest for the Orb.
     0 | D:1      | Reached XP level 1. HP: 19/19 MP: 2/2
   124 | D:3      | Reached XP level 2. HP: 24/26 MP: 3/3
   182 | D:3      | Found a runed translucent door.
   187 | D:3      | Noticed tilp's ghost (amateur MeFi)
   245 | D:3      | Found a runed translucent door.
   258 | D:3      | Reached skill level 1 in Dodging
   258 | D:3      | Reached XP level 3. HP: 20/31 MP: 4/4
   295 | D:3      | Reached skill level 1 in Stealth
   295 | D:3      | Reached XP level 4. HP: 25/38 MP: 5/5
   318 | D:3      | Reached skill level 4 in Armour
   319 | D:3      | Slain by a gnoll

Illustrated notes

Levels and vault maps discovered:
D:1:      heliophobic_arrival_glass_houses, layout_rooms
D:2:      wander_river, layout_basic, chequers_serial_rivers_room_a
D:3:      layout_loops_corners, mainiacjoe_overflow_big_doors,
          ebering_ghost_sewer_f, st_stairs_12, uniq_crazy_yiuf_cottage
D:4:      layout_rooms, amcnicky_altar_gilded, minitemple,
          mainiacjoe_overflow_alcove_4

Skill      XL: |  1  2  3  4 |
---------------+-------------+-----
Long Blades    | 3 |  3.2
Dodging        | 1 |  1.8
Stealth        | 1 |  1.2
Armour         | 4 |  4.0
Fighting       | |  3.5
Shields        | |  3.9

Action                     |  1- 3 |  4- 6 || total
---------------------------+-------+-------++-------
  Melee: Long sword        |    29 |     7 ||    36
  Throw: Stone             |     3 |       ||     3
    Use: Potion            |       |     1 ||     1
 Armour: Plate armour      |    16 |     5 ||    21
  Dodge: Dodged            |     4 |     2 ||     6
  Block: Buckler           |     3 |     2 ||     5

Table legend: (Time is in decaauts)
 A = Elapsed time spent in this place.
 B = Non-inter-level travel time spent in this place.
 C = Inter-level travel time spent in this place.
 D = Time resting spent in this place.
 E = Time spent auto-exploring this place.
 F = Levels seen in this place.
 G = Mean time per level.
                   A        B        C        D        E       F      G
               +--------+--------+--------+--------+--------+-----+--------+
         Total |    329 |    329 |      0 |      0 |      0 |   4 |   82.2 |
       Dungeon |    329 |    329 |      0 |      0 |      0 |   4 |   82.2 |
               +--------+--------+--------+--------+--------+-----+--------+

Top non-repeatable levels by time:
     D:3: 174 daAuts
     D:1: 104 daAuts
     D:4: 30 daAuts
     D:2: 20 daAuts
